 Dungeon Crawl Stone Soup version 0.31-a0-986-g5e6e4ef867 (webtiles) character file.

Game seed: 9568697284025041195

109 gelatine the Trooper (level 4, -4/36 HPs)
             Began as a Demonspawn Fighter on Nov 16, 2023.
             Slain by Sigmund
             ... wielding a +0 scythe
              (8 damage)
             ... on level 3 of the Dungeon.
             The game lasted 00:05:49 (2407 turns).

gelatine the Trooper (Demonspawn Fighter)           Turns: 2407, Time: 00:05:49

Health: -4/36      AC: 11    Str: 18    XL:     4   Next: 59%
Magic:  4/4        EV: 11    Int: 13    God:
Gold:   197        SH:  4    Dex: 12    Spells: 3/3 levels left

rFire   . . .        a - +0 war axe
rCold   + . .        c - +0 buckler
rNeg    . . .        o - +2 robe of the Depths {rC+ Int+3 Slay+2}
rPois   .            s - +1 helmet
rElec   .            t - +0 cloak
rCorr   +            (no gloves)
SInv    .            (no boots)
Will    +....        (no amulet)
Stlth   +            q - +4 ring of protection
HPRegen 0.26/turn    p - ring of resist corrosion
MPRegen 0.09/turn

%: no passive effects
@: enlightened, flying
A: weakness stinger 1
a: no special abilities


You were on level 3 of the Dungeon.
You visited 1 branch of the dungeon, and saw 3 of its levels.

You collected 197 gold pieces.

Inventory:

Hand Weapons
 a - a +0 war axe (weapon)
Armour
 c - a +0 buckler (worn)
 o - the +2 robe of the Depths (worn) {rC+ Int+3 Slay+2}
   (You took it off a goblin on level 2 of the Dungeon)

   Int+3:     It affects your intelligence (+3).
   Slay+2:    It affects your accuracy & damage with ranged weapons and melee
   (+2).
   rC+:       It protects you from cold.
 s - a +1 helmet (worn)
 t - a +0 cloak (worn)
Jewellery
 b - a ring of wizardry
 p - a ring of resist corrosion (right hand)
 q - a +4 ring of protection (left hand)
Scrolls
 g - 3 scrolls of identify {unknown}
 h - 2 scrolls of enchant armour {unknown}
 i - 3 scrolls of enchant weapon {unknown}
 l - 2 scrolls of fear {unknown}
 m - a scroll of blinking {unknown}
 r - a scroll of revelation {unknown}
 u - a scroll of immolation {unknown}
 w - a scroll of poison {unknown}
 x - a scroll of amnesia {unknown}
Potions
 d - a potion of might
 e - a potion of heal wounds {unknown}
 f - a potion of enlightenment
 j - a potion of mutation {unknown}
 k - 2 potions of curing {unknown}
 n - 2 potions of ambrosia {unknown}
 v - a potion of lignification {unknown}


   Skills:
 + Level 3.6 Fighting
 + Level 3.1 Axes
 + Level 3.2 Armour
 + Level 0.6 Dodging
 + Level 3.0 Shields


You had 3 spell levels left.
You didn't know any spells.
Your spell library contained the following spells:

 Spells                   Type           Power      Damage    Failure   Level
 Sublimation of Blood     Necr           0%         N/A       52%         2
 Wereblood                Tmut           0%         N/A       52%         2
 Tukima's Dance           Hex            0%         N/A       75%         3
 Passage of Golubria      Tloc           0%         N/A       98%         4
 Yara's Violent Unravell  Hex/Tmut       0%         3d3       100%        5
 Haunt                    Necr/Summ      0%         N/A       100%        7
 Summon Hydra             Summ           0%         N/A       100%        7
 Borgnjor's Revivificati  Necr           0%         N/A       100%        8
 Death's Door             Necr           0%         N/A       100%        9


Dungeon Overview and Level Annotations

Branches:
Dungeon (3/15)

Altars:

Annotations:
D:3 Sigmund


Innate Abilities, Weirdness & Mutations

You have a small tail.


Message History

There is an open door here.
You slash the frilled lizard!
You kill the frilled lizard!
There is an open door here.
Sigmund gestures at you while chanting. The puff of flame misses you.
Sigmund screams, "You will never...
NEVER!!!"
Sigmund closely misses you.
Sigmund gestures wildly while chanting.
Sigmund flickers and vanishes!
Deactivating autopickup; reactivate with Ctrl-A.
You closely miss something. Something hits you.
You completely miss something.
Your tail-slap misses something.
You hear some strange, mumbled words.
A magic dart appears from out of thin air!
The magic dart hits you but does no damage.
You closely miss something.
Your tail-slap misses something.
Something hits you.
You completely miss something. Something hits you but does no damage.
You closely miss something.
You hear some strange, mumbled words.
You are confused.
You're too confused to move!
Something hits you.
You miss something. You tail-slap something. Something hits you.
You barely miss something.
Your tail-slap misses something.
Something hits you! Something hits you but does no damage.
You feel less confused.
You closely miss something. Something hits you but does no damage.
You closely miss something. Something hits you.
You closely miss something. Something hits you.
You closely miss something. Something hits you.
* * * LOW HITPOINT WARNING * * *
You miss something. Something hits you.
* * * LOW HITPOINT WARNING * * *
You closely miss something. Something hits you.
* * * LOW HITPOINT WARNING * * *
It was a potion of enlightenment.
You feel very buoyant.
You fly up into the air.
Something hits you!
You die...

..####.############.#
.........# #.#
#........#### #.#
#........[..# #.#
............#######.#
<#........#.##......#
.#........#.##.###########
.#.......................#
.######........{@........#
.# .###.#...########.## .#
.....#..# ######...#####
.# ###..#..#
#............# #..#..#
#.####.#.###.#
#..#..###'###.#.#.##.#
#..#.##≈≈.≈≈######.#.#
#...>#≈≈≈.≈≈≈#.....#.#
#....#≈≈≈.≈≈≈#....<#.#


There were no monsters in sight!

Vanquished Creatures
  Robin (D:2)
  2 adders (D:2)
  2 worms
  2 dart slugs
  7 ball pythons
  6 endoplasms
  3 giant cockroaches
  6 hobgoblins
  A jackal (D:2)
  4 bats
  3 frilled lizards
  15 goblins
  7 kobolds
  6 rats
65 creatures vanquished.

Notes
Turn   | Place    | Note
-------+----------+-------------------------------------------
     0 | D:1      | gelatine the Demonspawn Fighter began the quest for the
                  | Orb.
     0 | D:1      | Reached XP level 1. HP: 18/18 MP: 1/1
    74 | D:1      | Gained mutation: You have a small tail. [demonic ancestry]
    74 | D:1      | Reached XP level 2. HP: 18/24 MP: 2/2
   103 | D:1      | Found a faded altar of an unknown god.
   693 | D:2      | Reached XP level 3. HP: 28/29 MP: 3/3
  1051 | D:2      | Noticed Robin
  1067 | D:2      | Reached XP level 4. HP: 19/35 MP: 4/4
  1073 | D:2      | Killed Robin
  1192 | D:2      | Identified the +2 robe of the Depths {rC+ Int+3 Slay+2}
  2091 | D:3      | Noticed Sigmund
  2407 | D:3      | Slain by Sigmund

Illustrated notes

Levels and vault maps discovered:
D:1:      mrwooster_arrival_statue_2, layout_loops_ring,
          nicolae_ecumenical_snake_handling, st_stairs_3, nrook_loot_triangle
D:2:      layout_loops_corners, minmay_mini_jars, uniq_robin
D:3:      layout_loops_ring, kennysheep_flooded_box, uniq_sigmund

Skill      XL: |  1  2  3  4 |
---------------+-------------+-----
Armour         | 3 |  3.2
Shields        | 3 |  3.0
Axes           | 2 3 |  3.1
Fighting       | |  3.6
Dodging        | |  0.6

Action                     |  1- 3 |  4- 6 || total
---------------------------+-------+-------++-------
  Melee: War axe           |    88 |    57 ||   145
         Tailslap          |     9 |     9 ||    18
    Use: Potion            |       |     1 ||     1
 Armour: Scale mail        |    75 |    11 ||    86
         Robe              |       |    24 ||    24
  Dodge: Dodged            |    33 |    20 ||    53
  Block: Buckler           |    18 |     9 ||    27

Table legend: (Time is in decaauts)
 A = Elapsed time spent in this place.
 B = Non-inter-level travel time spent in this place.
 C = Inter-level travel time spent in this place.
 D = Time resting spent in this place.
 E = Time spent auto-exploring this place.
 F = Levels seen in this place.
 G = Mean time per level.
                   A        B        C        D        E       F      G
               +--------+--------+--------+--------+--------+-----+--------+
         Total |   2464 |   2346 |    118 |      0 |   1765 |   3 |  821.3 |
       Dungeon |   2464 |   2346 |    118 |      0 |   1765 |   3 |  821.3 |
               +--------+--------+--------+--------+--------+-----+--------+

Top non-repeatable levels by time:
     D:2: 1087 daAuts
     D:1: 707 daAuts
     D:3: 669 daAuts
